 Dungeon Crawl Stone Soup version 0.17-a0-1129-g5854844 (console) character file.

8311 hyperkellhus the Grappler (level 11, 0/109 HPs)
             Began as a Troll Abyssal Knight on May 24, 2015.
             Was the Champion of Lugonu.
             Slain by a seven-headed hydra (18 damage)
             ... on level 10 of the Dungeon.
             The game lasted 00:18:58 (9561 turns).

hyperkellhus the Grappler (Troll Abyssal Knight)    Turns: 9561, Time: 00:18:58

Health: 0/109      AC:  8    Str: 25    XL:     11   Next: 8%
Magic:  11/11      EV: 12    Int:  8    God:    Lugonu [******]
Gold:   468        SH:  0    Dex: 12    Spells: 0 memorised, 10 levels left

rFire  . . .     SeeInvis .       - Unarmed
rCold  . . .     Clarity  .     a - +0 robe
rNeg   . . .     SustAt   .     (no shield)
rPois  .         Gourm    +     (helmet restricted)
rElec  .         Spirit   .     C - +2 cloak
rCorr  .         Warding  .     (gloves unavailable)
rMut   .         Stasis   .     (boots unavailable)
MR     .....                    U - amulet of rage
Stlth  +.........               (no ring)
                                B - +3 ring of strength

@: not resistant to hostile enchantments, very unstealthy
A: unfitting armour, claws 3, fast metabolism 3, gourmand, regeneration 2,
shaggy fur 1, tough skin 2
a: Depart the Abyss, Bend Space, Banish, Corrupt, Enter the Abyss, Renounce
Religion, Evoke Berserk Rage


You were on level 10 of the Dungeon.
You worshipped Lugonu.
Lugonu was exalted by your worship.
You were very full.

You visited 1 branch of the dungeon, and saw 10 of its levels.
You visited the Abyss 1 time.

You collected 468 gold pieces.

Inventory:

Missiles
 I - 3 throwing nets (quivered)
Armour
 a - a +0 robe (worn)
 C - a +2 cloak (worn)
 T - a troll hide
Jewellery
 n - an uncursed amulet of the gourmand
 B - a +3 ring of strength (left claw)
 U - an amulet of rage (around neck)
Magical devices
 x - a wand of disintegration (20)
 D - a wand of cold (0)
 J - a wand of polymorph (6)
 L - a wand of frost (12)
 P - a wand of lightning (0)
 S - a wand of slowing (30)
Scrolls
 c - 2 scrolls of remove curse
 j - 2 scrolls of amnesia
 l - a scroll of recharging
 M - 2 scrolls of magic mapping
 R - 2 scrolls of blinking
Potions
 d - 6 potions of curing
 e - 3 potions of mutation
 h - 2 potions of invisibility
 k - a potion of flight
 m - 3 potions of poison
 o - a potion of ambrosia
 q - 3 potions of lignification
 s - a potion of resistance {unknown}
 t - 2 potions of heal wounds
 u - 2 potions of agility
 F - a potion of cancellation
Books
 y - a book of Battle

   Spells                             Type                      Level
   a - Infusion                       Charms                       1
   b - Shroud of Golubria             Charms/Translocation         2
   c - Song of Slaying                Charms                       2
   d - Spectral Weapon                Hexes/Charms                 3
   e - Regeneration                   Charms/Necromancy            3
 z - a book of the Warp

   Spells                             Type                      Level
   a - Recall                         Summoning/Translocation      3
   b - Gell's Gravitas                Hexes/Translocation          3
   c - Control Teleport               Charms/Translocation         4
   d - Force Lance                    Conjuration/Translocation    4
   e - Phase Shift                    Translocation                5
   f - Warp Weapon                    Charms/Translocation         5
   g - Summon Forest                  Summoning/Translocation      5
Comestibles
 b - 9 bread rations
 f - 10 beef jerkies
 A - 2 meat rations


   Skills:
 - Level 7.0 Fighting
 - Level 5.0 Dodging
 + Level 13.9 Unarmed Combat
 - Level 1.5 Invocations


You had 10 spell levels left.
You didn't know any spells.

Dungeon Overview and Level Annotations

Branches:
Dungeon (10/15)            Temple (0/1) D:4            Lair (0/8) D:9
    Orc (0/4) D:10

Altars:
Ashenzari
Cheibriados
Elyvilon
Gozag
Nemelex Xobeh
Okawaru
Ru
Sif Muna
Trog
Xom
Yredelemnul

Shops:
D:6 =   D:7 !*}(%


Innate Abilities, Weirdness & Mutations

You are too large for most types of armour.
You have claws for hands.
Your metabolism is lightning-fast.
You like to eat raw meat.
You heal very quickly.
You are covered in fur (AC +1).
You have very tough skin (AC +2).


Message History

Use which ability? (? or * to list)
Okay, then.
Use which ability? (? or * to list)
You fail to use your ability.
The seven-headed hydra bites you but does no damage.
The seven-headed hydra bites you.
The seven-headed hydra barely misses you.
The seven-headed hydra bites you. x2
* * * LOW HITPOINT WARNING * * *
The seven-headed hydra bites you but does no damage.
The seven-headed hydra closely misses you.
Use which ability? (? or * to list)
You fail to use your ability.
The seven-headed hydra barely misses you.
The seven-headed hydra closely misses you.
The seven-headed hydra barely misses you.
The seven-headed hydra bites you!
* * * LOW HITPOINT WARNING * * *
The seven-headed hydra bites you!!
You die...

#.# #.............# ...#.
#.............# #..#...
#.............#
..###..#############8###⌠###8#.##
...#...............###########...
.................................
.................................
..........<......................
...............D@.....)..........
...............................>.
.............................>...
........<.........?.>............
.......[..........[.........>....
###################...###########
#...# #...# #...#


You could see a seven-headed hydra.

Vanquished Creatures
  A hill giant (D:9)
  Pikel (D:8)
  A troll (D:9)
  Prince Ribbit (D:5)
  Sigmund (D:6)
  A trapdoor spider (D:7)
  6 yaks (D:9)
  Eustachio (D:5)
  2 wyverns
  A hippogriff (D:9)
  2 water moccasins
  A wasp (D:9)
  4 slaves (D:8)
  6 orc warriors
  5 sky beasts
  6 ice beasts
  3 phantoms
  2 centaurs
  A crocodile (D:9)
  8 ogres
  2 big kobolds
  4 giant frogs
  3 scorpions
  3 killer bees (D:7)
  2 giant frog zombies
  5 hounds
  4 crimson imps
  Crazy Yiuf (D:6)
  5 orc priests
  2 centaur skeletons
  A giant frog skeleton (D:6)
  A jelly (D:6)
  An iguana (D:8)
  9 orc wizards
  7 worker ants
  A mummy (D:6)
  2 river rats
  A worker ant zombie (D:8)
  13 adders
  3 gnolls (D:7)
  4 shadow imps
  An ooze (D:3)
  4 worms
  2 adder skeletons
  An adder zombie (D:5)
  8 giant geckos
  48 orcs
  5 ball pythons
  5 giant cockroaches
  17 hobgoblins
  4 quokkas
  20 bats
  4 giant newts
  22 goblins
  10 jackals
  2 jackal skeletons
  24 kobolds
  A quokka skeleton (D:5)
  19 rats
  2 fungi (D:9)
  A plant (D:9)
328 creatures vanquished.

Vanquished Creatures (others)
  A butterfly (D:7)
  A fungus (D:9)
  A plant (D:9)
3 creatures vanquished.

Grand Total: 331 creatures vanquished

Notes
Turn   | Place    | Note
--------------------------------------------------------------
     0 | Abyss:1  | hyperkellhus the Troll Abyssal Knight began the quest for the Orb.
     0 | Abyss:1  | Reached XP level 1. HP: 22/22 MP: 1/1
     0 | D:1      | Escaped the Abyss
    94 | D:1      | Acquired Lugonu's first power
    94 | D:1      | Reached XP level 2. HP: 29/29 MP: 2/2
   236 | D:1      | Reached skill level 3 in Unarmed Combat
   273 | D:1      | Found a shattered altar of Ashenzari.
   578 | D:2      | Reached XP level 3. HP: 36/36 MP: 3/3
   590 | D:2      | Found a sacrificial altar of Ru.
   687 | D:2      | Reached skill level 4 in Unarmed Combat
   835 | D:2      | Acquired Lugonu's second power
   892 | D:2      | Reached XP level 4. HP: 44/44 MP: 4/4
  1491 | D:3      | Reached skill level 5 in Unarmed Combat
  1494 | D:3      | Reached XP level 5. HP: 38/50 MP: 5/5
  1525 | D:3      | Found an iron altar of Okawaru.
  1665 | D:3      | Acquired Lugonu's third power
  1674 | D:3      | Found a deep blue altar of Sif Muna.
  1904 | D:3      | Found a bloodstained altar of Trog.
  2224 | D:4      | Reached skill level 6 in Unarmed Combat
  2380 | D:4      | Found a staircase to the Ecumenical Temple.
  2399 | D:4      | Reached XP level 6. HP: 59/59 MP: 6/6
  2431 | D:4      | Found a shimmering altar of Xom.
  2770 | D:5      | Entered Level 5 of the Dungeon
  2812 | D:5      | Acquired Lugonu's fourth power
  2917 | D:5      | Noticed Prince Ribbit
  2997 | D:5      | Reached skill level 7 in Unarmed Combat
  3105 | D:5      | Reached XP level 7. HP: 54/66 MP: 7/7
  3239 | D:5      | Reached skill level 8 in Unarmed Combat
  3453 | D:5      | Killed Prince Ribbit
  3453 | D:5      | Reached skill level 9 in Unarmed Combat
  3542 | D:5      | Noticed Eustachio
  3584 | D:5      | Killed Eustachio
  3584 | D:5      | Reached XP level 8. HP: 59/74 MP: 8/8
  3889 | D:6      | Reached skill level 10 in Unarmed Combat
  3923 | D:6      | Acquired Lugonu's fifth power
  4057 | D:6      | Found a basalt altar of Yredelemnul.
  4105 | D:6      | Found a snail-covered altar of Cheibriados.
  4116 | D:6      | Noticed Crazy Yiuf
  4122 | D:6      | Killed Crazy Yiuf
  4150 | D:6      | Noticed Sigmund
  4156 | D:6      | Killed Sigmund
  4156 | D:6      | Reached skill level 11 in Unarmed Combat
  4349 | D:6      | Found Feribu's Jewellery Shoppe.
  4544 | D:6      | Found a shimmering altar of Xom.
  4544 | D:6      | Found a white marble altar of Elyvilon.
  5167 | D:6      | Reached XP level 9. HP: 70/84 MP: 9/9
  5322 | D:7      | Found Yrghaynn's Distillery.
  5490 | D:7      | Reached skill level 5 in Fighting
  5605 | D:7      | Found Idodamom's General Store.
  5699 | D:7      | Found Paxzuceh's Gadget Emporium.
  5985 | D:7      | Found a sparkling altar of Nemelex Xobeh.
  6264 | D:7      | Found Qapluosm's Food Emporium.
  6282 | D:7      | Found Kinah's Antique Weapon Emporium.
  6632 | D:8      | Noticed Pikel
  6650 | D:8      | HP: 2/93 [Pikel/whip of electrocution (19)]
  7122 | D:8      | Found an opulent altar of Gozag.
  7202 | D:8      | Killed Pikel
  7202 | D:8      | Reached XP level 10. HP: 84/102 MP: 10/10
  7593 | D:8      | Reached skill level 5 in Dodging
  8191 | D:9      | Found a staircase to the Lair.
  8444 | D:9      | Reached skill level 12 in Unarmed Combat
  8639 | D:9      | Reached skill level 13 in Unarmed Combat
  8982 | D:10     | Entered Level 10 of the Dungeon
  9057 | D:10     | Noticed a hill giant
  9194 | D:9      | Killed a hill giant
  9194 | D:9      | Reached XP level 11. HP: 67/109 MP: 11/11
  9301 | D:10     | Found a staircase to the Orcish Mines.
  9309 | D:10     | Noticed a seven-headed hydra
  9561 | D:10     | Slain by a seven-headed hydra

Vault maps used:
D:1:      dpeg_arrival_line_fractal, ashenzari_altar_1
D:2:      nicolae_overflow_crystal_walls, grunt_ministairs_11
D:3:      lemuel_coloured_pillars_altar, lemuel_crystal_altar,
          old_standard_altar
D:4:      minmay_temple_entry_glass, minmay_misc_feat_tower,
          serial_bayou_pond_d, minmay_misc_feat_x, xom_teletrap_fun
D:5:      first_bread, minivault_23, uniq_eustachio, uniq_prince_ribbit1
D:6:      slow_altar_1, grunt_temple_overflow_diamond, gup_sewer_entry_spiral,
          serial_shops, shop, uniq_crazy_yiuf_cottage, uniq_sigmund
D:7:      nemelex_deck, serial_shops, kennysheep_mini_moat, shop,
          nicolae_shop_temple_entry_statues_fountains, shop, nicolae_shop_trees,
          grunt_ogre_cave
D:8:      nicolae_gozag_seed_capital, serial_glass, glass_columns_b,
          glass_columns_a, kennysheep_windowed_goal, uniq_pikel
D:9:      due_lair_maze_entry_diamond
D:10:     orc_0_dummy, corexii_hall_statues_i, minmay_strange_pillars

Action                   |  1- 3 |  4- 6 |  7- 9 | 10-12 || total
-------------------------+-------+-------+-------+-------++-------
Melee: Unarmed           |   117 |   212 |   344 |   284 ||   957
Invok: Depart the Abyss  |     1 |       |       |       ||     1
Evoke: Wand              |       |       |       |     6 ||     6
  Use: Scroll            |       |       |    17 |     5 ||    22
 Stab: Sleeping          |       |     2 |     3 |       ||     5
  Eat: Chunk             |    14 |    20 |    37 |    21 ||    92
